Inferno vs Ice Dragons
Created - 29 janvier 2015 at 19:00
Goals
|
| Inferno |
2 |
1 |
1 |
0 |
1 |
5 |
| Ice Dragons |
3 |
0 |
1 |
0 |
0 |
4 |
|
Shots
|
| Inferno |
21 |
8 |
13 |
1 |
3 |
43 |
| Ice Dragons |
11 |
11 |
11 |
0 |
3 |
33 |
|
1st period
1. Ice Dragons , Mats Zuccarello 27 (Kris Beech, Boris Valabik) at 13:04
2. Ice Dragons , Patrick O'Sullivan 10 (Jeff Tambellini, Danny Syvret) at 15:30 (SH)
3. Inferno , Brad Marchand 25 (Andrej Sekera, Colin Wilson) at 17:16 (PP)
4. Ice Dragons , Patrick O'Sullivan 11 (Niklas Sundstrom, Jeff Tambellini) at 17:38
5. Inferno , Jonathan Ferland 39 (Yannick Weber, Stephane Veilleux) at 18:20
Penalties :
Eric Mestery (Kin) for Hooking (Minor) at 14:19, Brayden McNabb (Kin) for Roughing (Minor) at 17:02
2nd period
6. Inferno , Vladimir Zharkov 17 (Brian Boyle, Travis Hamonic) at 2:12
Penalties :
Stephane Veilleux (Anc) for Holding (Minor) at 9:03
3rd period
7. Ice Dragons , Marc-Antoine Pouliot 5 (Kevin Klein) at 5:49
8. Inferno , Stephane Veilleux 31 (Jonathan Ferland) at 19:04
Penalties :
No Penalty
Overtime #1
No Goal
Penalties :
No Penalty
Shootout
Penalty Shot by Stephane Veilleux for Inferno - Goal!
Penalty Shot by Nigel Dawes for Ice Dragons - Stopped by Josh Harding
Penalty Shot by Brad Marchand for Inferno - Stopped by Justin Pogge
Penalty Shot by Niklas Sundstrom for Ice Dragons - Stopped by Josh Harding
Penalty Shot by Colin Wilson for Inferno - Stopped by Justin Pogge
Penalty Shot by Jeff Tambellini for Ice Dragons - Stopped by Josh Harding
Penalties :
No Penalty
Goalie Stats
Josh Harding (Anc), 29 saves from 33 shots - (0,879), W, 24-11-3, 64:58 minutes
Justin Pogge (Kin), 39 saves from 43 shots - (0,907), OTL, 14-8-6, 65:00 minutes
Players Stats for Inferno
Player Name G A P +/- PIM S H SB GA TA FO MP PP MP PK MP
------------------------------------------------------------------------------------
Alex Berry 0 0 0 0 0 1 0 0 0 0 0/0 8:32 0:00 0:00
Andrej Sekera 0 1 1 0 0 4 3 2 1 0 0/0 28:34 1:19 1:08
Brad Marchand 1 0 1 -1 0 5 2 0 0 0 0/1 20:23 1:32 1:00
Brendan Mikkelson 0 0 0 -2 0 2 1 1 1 0 0/0 17:52 0:00 0:51
Brian Boyle 0 1 1 0 0 1 1 0 0 0 3/5 14:34 0:00 0:59
Cal O'Reilly 0 0 0 0 0 0 0 0 0 0 2/2 9:39 0:00 0:33
Colin Wilson 0 1 1 -1 0 1 3 1 0 1 19/31 22:52 1:32 0:00
David Savard 0 0 0 1 0 1 0 1 0 1 0/0 19:35 0:54 0:00
David Ullstrom 0 0 0 0 0 0 0 0 0 0 1/1 12:01 0:00 0:00
Jonathan Ferland 1 1 2 -1 0 6 4 1 1 0 1/4 22:31 1:32 0:27
Matt Kassian 0 0 0 0 0 0 0 1 0 0 0/0 9:24 0:00 0:32
Pavel Vorobiev 0 0 0 0 0 4 2 0 1 1 0/0 16:16 0:41 0:00
Simon Danis-Pepin 0 0 0 -2 0 3 0 1 1 0 0/0 16:50 0:00 0:51
Stephane Veilleux 1 1 2 0 2 5 1 3 3 1 1/2 20:04 0:41 0:00
Travis Hamonic 0 1 1 1 0 0 0 0 0 1 0/0 23:08 0:54 1:08
Vladimir Sobotka 0 0 0 0 0 2 1 0 1 2 6/10 18:09 0:41 0:27
Vladimir Zharkov 1 0 1 0 0 4 2 1 1 0 0/1 13:35 0:00 0:00
Yannick Weber 0 1 1 0 0 4 0 2 1 0 0/0 24:01 1:19 0:00
Players Stats for Ice Dragons
Player Name G A P +/- PIM S H SB GA TA FO MP PP MP PK MP
------------------------------------------------------------------------------------
Boris Valabik 0 1 1 2 0 2 1 2 1 2 0/0 28:19 1:13 1:39
Brad Staubitz 0 0 0 1 0 1 0 1 0 0 2/2 9:50 0:01 0:00
Brayden McNabb 0 0 0 0 2 1 2 0 0 0 0/0 15:37 0:00 0:00
Cal Clutterbuck 0 0 0 0 0 2 4 0 0 0 2/2 13:21 0:01 0:00
Danny Syvret 0 1 1 -1 0 0 0 0 0 2 0/0 21:03 0:46 0:34
Eric Mestery 0 0 0 0 2 0 0 0 0 0 0/0 3:32 0:00 0:00
Jeff Tambellini 0 2 2 1 0 5 0 0 0 3 0/1 21:35 1:01 0:26
Jonathan Blum 0 0 0 0 0 1 0 1 1 1 0/0 15:38 0:00 0:00
Kevin Klein 0 1 1 2 0 1 1 5 0 0 0/0 24:51 1:13 1:39
Kris Beech 0 1 1 0 0 2 1 0 1 1 2/4 13:22 0:01 0:00
Marc-Antoine Pouliot 1 0 1 1 0 1 0 0 0 0 0/1 9:30 0:00 0:00
Martin Hanzal 0 0 0 0 0 0 2 0 0 0 3/10 16:26 0:57 0:00
Mats Zuccarello 1 0 1 0 0 1 0 1 0 0 1/1 13:13 0:57 0:00
Nigel Dawes 0 0 0 -1 0 0 1 2 0 0 1/7 19:36 0:00 1:47
Niklas Sundstrom 0 1 1 -1 0 6 1 2 1 0 0/0 23:30 1:01 1:47
Patrick O'Sullivan 2 0 2 0 0 6 3 1 1 0 13/29 21:23 1:01 0:26
Shean Donovan 0 0 0 0 0 1 2 1 1 0 0/0 16:26 0:57 0:00
Tim Kennedy 0 0 0 1 0 1 0 0 0 1 0/0 9:30 0:00 0:00
Tyler Eckford 0 0 0 -1 0 2 0 1 1 1 0/0 21:03 0:46 0:34
3 Stars
1 - Patrick O'Sullivan (Kin)
2 - Jonathan Ferland (Anc)
3 - Kevin Klein (Kin)
Power Play
Inferno - 1 on 2 Attempt(s) - 50,00%
Ice Dragons - 0 on 1 Attempt(s) - 0,00%
Penalty Kill
Inferno - 1 on 1 Attempt(s) - 100,00%
- Score 0 goal in Penalty Kill
Ice Dragons - 1 on 2 Attempt(s) - 50,00%
- Score 1 goal in Penalty Kill
Team Stat
Inferno - Hits : 20 - Faceoff Wins : 33 - Blocked Shots : 14 - Penalty Minutes : 2
Ice Dragons - Hits : 18 - Faceoff Wins : 24 - Blocked Shots : 17 - Penalty Minutes : 4
Official
Referees : McCreary Bill and Martell Rob
Linesman : Vaughan Rody and Darren Gibbs
Game Notes
No Game Note
Finance
Level 1 -- Attendance: 1428 (71,40%) -- Ticket Income 49 980 $
Level 2 -- Attendance: 692 (69,20%) -- Ticket Income 10 380 $
Total Attendance: 2120 (70,67%)
Total Ticket Income: 60 360 $
Other Income: 3 018 $
Total Income: 63 378 $
Inferno
5 vs 5 Forward
Center Left Wing Right Wing Time % Phy DF OF
1 Colin Wilson Stephane Veilleux Jonathan Ferland 40 1 2 2
2 Vladimir Sobotka Brad Marchand Pavel Vorobiev 30 1 2 2
3 Brian Boyle David Ullstrom Vladimir Zharkov 20 1 2 2
4 Cal O'Reilly Matt Kassian Alex Berry 10 1 2 2
5 vs 5 Defense
Defense Defense Time % Phy DF OF
1 Andrej Sekera Yannick Weber 40 1 2 2
2 David Savard Travis Hamonic 30 1 2 2
3 Brendan Mikkelson Simon Danis-Pepin 20 1 2 2
4 Andrej Sekera Travis Hamonic 10 1 2 2
PowerPlay Forward
Center Left Wing Right Wing Time % Phy DF OF
1 Colin Wilson Brad Marchand Jonathan Ferland 60 1 2 2
2 Vladimir Sobotka Stephane Veilleux Pavel Vorobiev 40 1 2 2
PowerPlay Defense
Defense Defense Time % Phy DF OF
1 Andrej Sekera Yannick Weber 60 1 2 2
2 David Savard Travis Hamonic 40 1 2 2
Penalty Kill 4 Players Forward
Center Wing Time % Phy DF OF
1 Brian Boyle Brad Marchand 60 1 2 2
2 Vladimir Sobotka Jonathan Ferland 40 1 2 2
Penalty Kill 4 Players Defense
Defense Defense Time % Phy DF OF
1 Andrej Sekera Travis Hamonic 60 1 2 2
2 Brendan Mikkelson Simon Danis-Pepin 40 1 2 2
Penalty Kill - 3 Players Forward
Forward Time % Phy DF OF
1 Stephane Veilleux 60 1 2 2
2 Brad Marchand 40 1 2 2
Penalty Kill - 3 Players Defense
Defense Defense Time % Phy DF OF
1 Andrej Sekera Travis Hamonic 60 1 2 2
2 Brendan Mikkelson Simon Danis-Pepin 40 1 2 2
4 vs 4 Forward
Center Wing Time % Phy DF OF
1 Colin Wilson Brad Marchand 60 1 2 2
2 Vladimir Sobotka Jonathan Ferland 40 1 2 2
4 vs 4 Defense
Defense Defense Time % Phy DF OF
1 Andrej Sekera Yannick Weber 60 1 2 2
2 David Savard Travis Hamonic 40 1 2 2
Last Minutes Offensive
Center Left Wing Right Wing Defense Defense
Colin Wilson Stephane Veilleux Jonathan Ferland Andrej Sekera Yannick Weber
Last Minutes Defensive
Center Left Wing Right Wing Defense Defense
Colin Wilson Stephane Veilleux Jonathan Ferland Andrej Sekera Travis Hamonic
Goaltenders
Starting : Josh Harding
Backup : Jonathan Boutin
Extra Forwards
Normal : Brian Boyle, Vladimir Zharkov, Cal O'Reilly - PP : Brian Boyle, Vladimir Zharkov - PK : Cal O'Reilly
Extra Defensemen
Normal : Brendan Mikkelson, David Savard, Simon Danis-Pepin - PP : Brendan Mikkelson - PK : Brendan Mikkelson, Simon Danis-Pepin
Penalty Shots
Stephane Veilleux, Brad Marchand, Colin Wilson, Jonathan Ferland, Pavel Vorobiev
Ice Dragons
5 vs 5 Forward
Center Left Wing Right Wing Time % Phy DF OF
1 Patrick O'Sullivan Jeff Tambellini Niklas Sundstrom 40 0 2 3
2 Martin Hanzal Nigel Dawes Shean Donovan 30 0 2 3
3 Kris Beech Mats Zuccarello Cal Clutterbuck 20 0 2 3
4 Marc-Antoine Pouliot Tim Kennedy Brad Staubitz 10 1 2 2
5 vs 5 Defense
Defense Defense Time % Phy DF OF
1 Boris Valabik Kevin Klein 40 0 2 3
2 Danny Syvret Tyler Eckford 30 0 2 3
3 Jonathan Blum Brayden McNabb 20 0 3 2
4 Eric Mestery Boris Valabik 10 1 3 1
PowerPlay Forward
Center Left Wing Right Wing Time % Phy DF OF
1 Patrick O'Sullivan Jeff Tambellini Niklas Sundstrom 60 1 1 3
2 Martin Hanzal Mats Zuccarello Shean Donovan 40 1 1 3
PowerPlay Defense
Defense Defense Time % Phy DF OF
1 Boris Valabik Kevin Klein 60 1 1 3
2 Danny Syvret Tyler Eckford 40 1 1 3
Penalty Kill 4 Players Forward
Center Wing Time % Phy DF OF
1 Nigel Dawes Niklas Sundstrom 60 1 4 0
2 Jeff Tambellini Patrick O'Sullivan 40 1 4 0
Penalty Kill 4 Players Defense
Defense Defense Time % Phy DF OF
1 Boris Valabik Kevin Klein 60 1 4 0
2 Danny Syvret Tyler Eckford 40 1 4 0
Penalty Kill - 3 Players Forward
Forward Time % Phy DF OF
1 Nigel Dawes 60 1 4 0
2 Niklas Sundstrom 40 1 4 0
Penalty Kill - 3 Players Defense
Defense Defense Time % Phy DF OF
1 Boris Valabik Kevin Klein 60 1 4 0
2 Danny Syvret Tyler Eckford 40 1 4 0
4 vs 4 Forward
Center Wing Time % Phy DF OF
1 Nigel Dawes Niklas Sundstrom 60 0 2 3
2 Jeff Tambellini Patrick O'Sullivan 40 0 2 3
4 vs 4 Defense
Defense Defense Time % Phy DF OF
1 Boris Valabik Kevin Klein 60 0 2 3
2 Danny Syvret Tyler Eckford 40 0 2 3
Last Minutes Offensive
Center Left Wing Right Wing Defense Defense
Patrick O'Sullivan Nigel Dawes Niklas Sundstrom Boris Valabik Kevin Klein
Last Minutes Defensive
Center Left Wing Right Wing Defense Defense
Patrick O'Sullivan Nigel Dawes Niklas Sundstrom Boris Valabik Kevin Klein
Goaltenders
Starting : Justin Pogge
Backup : Anders Nilsson
Extra Forwards
Normal : Kris Beech, Cal Clutterbuck, Mats Zuccarello - PP : Kris Beech, Cal Clutterbuck - PK : Mats Zuccarello
Extra Defensemen
Normal : Jonathan Blum, Brayden McNabb, Eric Mestery - PP : Jonathan Blum - PK : Brayden McNabb, Eric Mestery
Penalty Shots
Nigel Dawes, Niklas Sundstrom, Jeff Tambellini, Patrick O'Sullivan, Shean Donovan
% Time on Ice - Inferno
Lines # - Real PCT - Wanted PCT - Time Play
Normal Forward
1 - 35% - 40% - 19:13
2 - 28% - 30% - 15:49
3 - 22% - 20% - 12:01
4 - 15% - 10% - 8:32
Normal Defense
1 - 37% - 40% - 20:27
2 - 30% - 30% - 16:40
3 - 27% - 20% - 15:05
4 - 6% - 10% - 3:23
PP Forward
1 - 69% - 60% - 1:32
2 - 31% - 40% - 0:41
PP Defense
1 - 59% - 60% - 1:19
2 - 41% - 40% - 0:54
PK Forward
1 - 77% - 60% - 1:32
2 - 23% - 40% - 0:27
PK Defense
1 - 57% - 60% - 1:08
2 - 43% - 40% - 0:51
PK3 Forward
1 - 0% - 60%
2 - 0% - 40%
PK3 Defense
1 - 0% - 60%
2 - 0% - 40%
44 Forward
1 - 71% - 60% - 3:34
2 - 29% - 40% - 1:26
44 Defense
1 - 61% - 60% - 3:04
2 - 39% - 40% - 1:56
Last Minute Offensive - 0:13
Last Minute Defensive - 0:00
Total
Forward - 65:00
Defense - 65:00
|
% Time on Ice - Ice Dragons
Lines # - Real PCT - Wanted PCT - Time Play
Normal Forward
1 - 34% - 40% - 18:40
2 - 28% - 30% - 15:34
3 - 21% - 20% - 11:52
4 - 17% - 10% - 9:30
Normal Defense
1 - 35% - 40% - 19:24
2 - 31% - 30% - 17:11
3 - 28% - 20% - 15:33
4 - 6% - 10% - 3:28
PP Forward
1 - 52% - 60% - 1:02
2 - 48% - 40% - 0:57
PP Defense
1 - 61% - 60% - 1:13
2 - 39% - 40% - 0:46
PK Forward
1 - 80% - 60% - 1:47
2 - 20% - 40% - 0:26
PK Defense
1 - 74% - 60% - 1:39
2 - 26% - 40% - 0:34
PK3 Forward
1 - 0% - 60%
2 - 0% - 40%
PK3 Defense
1 - 0% - 60%
2 - 0% - 40%
44 Forward
1 - 74% - 60% - 3:42
2 - 26% - 40% - 1:18
44 Defense
1 - 53% - 60% - 2:40
2 - 47% - 40% - 2:20
Last Minute Offensive - 0:00
Last Minute Defensive - 0:12
Total
Forward - 65:00
Defense - 65:00
|
Play by Play
1st period
0:01 of 1st period - Colin Wilson wins face-off versus Patrick O'Sullivan in neutral zone.
0:11 of 1st period - Slapshot by Jeff Tambellini.
0:11 of 1st period - Deflect By Patrick O'Sullivan.
0:11 of 1st period - Stopped by Josh Harding without a rebound.
0:12 of 1st period - Vladimir Sobotka wins face-off versus Martin Hanzal in Inferno zone.
0:32 of 1st period - Brad Marchand is hit by Shean Donovan and loses puck.
0:53 of 1st period - Wrist shot by Patrick O'Sullivan.
0:53 of 1st period - Stopped by Josh Harding without a rebound.
0:54 of 1st period - Cal Clutterbuck wins face-off versus Brian Boyle in Inferno zone.
1:09 of 1st period - Snap shot by Kris Beech.
1:09 of 1st period - Deflect By Cal Clutterbuck.
1:09 of 1st period - Stopped by Josh Harding with a rebound.
1:21 of 1st period - Brad Staubitz is hit by Colin Wilson and loses puck.
2:32 of 1st period - Snap shot by Brian Boyle.
2:32 of 1st period - Shot Blocked by Shean Donovan.
2:34 of 1st period - Slapshot by David Savard.
2:34 of 1st period - Deflect By Shean Donovan.
2:34 of 1st period - Stopped by Justin Pogge with a rebound.
2:48 of 1st period - Wrist shot by Nigel Dawes.
2:48 of 1st period - Shot Blocked by Stephane Veilleux.
3:59 of 1st period - Andrej Sekera is hit by Patrick O'Sullivan and loses puck.
4:18 of 1st period - Snap shot by Vladimir Zharkov.
4:18 of 1st period - Shot Misses the Net.
4:44 of 1st period - Wrist shot by Vladimir Zharkov.
4:44 of 1st period - Shot Misses the Net.
4:46 of 1st period - Wrist shot by Brendan Mikkelson.
4:46 of 1st period - Stopped by Justin Pogge without a rebound.
4:47 of 1st period - Martin Hanzal wins face-off versus Colin Wilson in Ice Dragons zone.
5:02 of 1st period - Jonathan Blum is hit by Jonathan Ferland and loses puck.
6:16 of 1st period - Patrick O'Sullivan is hit by Brad Marchand and loses puck.
6:37 of 1st period - Matt Kassian is hit by Martin Hanzal and loses puck.
7:38 of 1st period - Snap shot by Kris Beech.
7:38 of 1st period - Deflect By Nigel Dawes.
7:38 of 1st period - Shot Blocked by Yannick Weber.
7:38 of 1st period - Puck is out of play.
7:39 of 1st period - Martin Hanzal wins face-off versus Brad Marchand in Inferno zone.
8:04 of 1st period - Jeff Tambellini is hit by Stephane Veilleux.
8:08 of 1st period - Snap shot by Patrick O'Sullivan.
8:08 of 1st period - Stopped by Josh Harding without a rebound.
8:09 of 1st period - Colin Wilson wins face-off versus Patrick O'Sullivan in Inferno zone.
8:57 of 1st period - Off-side.
8:58 of 1st period - Brian Boyle wins face-off versus Marc-Antoine Pouliot in neutral zone.
9:53 of 1st period - Wrist shot by Brad Marchand.
9:53 of 1st period - Stopped by Justin Pogge without a rebound.
9:54 of 1st period - Vladimir Sobotka wins face-off versus Patrick O'Sullivan in Ice Dragons zone.
9:55 of 1st period - Snap shot by Pavel Vorobiev.
9:55 of 1st period - Stopped by Justin Pogge with a rebound.
9:57 of 1st period - Wrist shot by Yannick Weber.
9:57 of 1st period - Stopped by Justin Pogge with a rebound.
10:09 of 1st period - Backhand shot by Pavel Vorobiev.
10:09 of 1st period - Shot Hit the Post.
10:43 of 1st period - Simon Danis-Pepin is hit by Cal Clutterbuck and loses puck.
11:05 of 1st period - Slapshot by Tim Kennedy.
11:05 of 1st period - Shot Hit the Post.
11:30 of 1st period - Snap shot by Niklas Sundstrom.
11:30 of 1st period - Deflect By Patrick O'Sullivan.
11:30 of 1st period - Shot Misses the Net.
11:30 of 1st period - Puck is out of play.
11:31 of 1st period - Colin Wilson wins face-off versus Patrick O'Sullivan in Inferno zone.
11:58 of 1st period - Wrist shot by Vladimir Sobotka.
11:58 of 1st period - Shot Misses the Net.
12:04 of 1st period - Slapshot by Vladimir Sobotka.
12:04 of 1st period - Shot Misses the Net.
12:06 of 1st period - Wrist shot by Brad Marchand.
12:06 of 1st period - Stopped by Justin Pogge with a rebound.
12:08 of 1st period - Slapshot by Vladimir Sobotka.
12:08 of 1st period - Deflect By Brad Marchand.
12:08 of 1st period - Shot Misses the Net.
12:08 of 1st period - Puck is out of play.
12:09 of 1st period - Vladimir Sobotka wins face-off versus Patrick O'Sullivan in Ice Dragons zone.
12:14 of 1st period - Snap shot by Vladimir Sobotka.
12:14 of 1st period - Shot Misses the Net.
12:18 of 1st period - Snap shot by Vladimir Sobotka.
12:18 of 1st period - Shot Misses the Net.
12:20 of 1st period - Slapshot by Andrej Sekera.
12:20 of 1st period - Shot Misses the Net.
12:22 of 1st period - Snap shot by Pavel Vorobiev.
12:22 of 1st period - Stopped by Justin Pogge with a rebound.
12:24 of 1st period - Slapshot by Andrej Sekera.
12:24 of 1st period - Stopped by Justin Pogge with a rebound.
12:58 of 1st period - Slapshot by Mats Zuccarello.
12:58 of 1st period - Shot Misses the Net.
13:00 of 1st period - Slapshot by Boris Valabik.
13:00 of 1st period - Shot Blocked by Brendan Mikkelson.
13:02 of 1st period - Wrist shot by Kris Beech.
13:02 of 1st period - Shot Misses the Net.
13:04 of 1st period - Wrist shot by Mats Zuccarello.
13:04 of 1st period - Goal by Mats Zuccarello - Inferno : 0 - Ice Dragons : 1.
13:05 of 1st period - Patrick O'Sullivan wins face-off versus Colin Wilson in neutral zone.
13:08 of 1st period - Snap shot by Jeff Tambellini.
13:08 of 1st period - Stopped by Josh Harding with a rebound.
13:10 of 1st period - Wrist shot by Patrick O'Sullivan.
13:10 of 1st period - Shot Misses the Net.
13:12 of 1st period - Snap shot by Tyler Eckford.
13:12 of 1st period - Shot Blocked by Jonathan Ferland.
13:14 of 1st period - Slapshot by Niklas Sundstrom.
13:14 of 1st period - Stopped by Josh Harding with a rebound.
13:16 of 1st period - Snap shot by Patrick O'Sullivan.
13:16 of 1st period - Shot Blocked by Yannick Weber.
13:30 of 1st period - Nigel Dawes is hit by Andrej Sekera and loses puck.
14:12 of 1st period - Snap shot by Brian Boyle.
14:12 of 1st period - Stopped by Justin Pogge with a rebound.
14:14 of 1st period - Slapshot by Travis Hamonic.
14:14 of 1st period - Shot Misses the Net.
14:19 of 1st period - Minor Penalty to Eric Mestery for Hooking.
14:20 of 1st period - Nigel Dawes wins face-off versus Colin Wilson in Ice Dragons zone.
14:28 of 1st period - Slapshot by Brad Marchand.
14:28 of 1st period - Stopped by Justin Pogge without a rebound.
14:29 of 1st period - Colin Wilson wins face-off versus Nigel Dawes in Ice Dragons zone.
14:44 of 1st period - Wrist shot by Jonathan Ferland.
14:44 of 1st period - Stopped by Justin Pogge with a rebound.
14:52 of 1st period - Wrist shot by Nigel Dawes.
14:52 of 1st period - Deflect By Niklas Sundstrom.
14:52 of 1st period - Shot Misses the Net.
14:52 of 1st period - Puck is out of play.
14:53 of 1st period - Vladimir Sobotka wins face-off versus Nigel Dawes in Inferno zone.
15:04 of 1st period - Slapshot by Stephane Veilleux.
15:04 of 1st period - Shot Misses the Net.
15:20 of 1st period - Danny Syvret is hit by Brad Marchand.
15:30 of 1st period - Snap shot by Patrick O'Sullivan.
15:30 of 1st period - Goal by Patrick O'Sullivan - Inferno : 0 - Ice Dragons : 2.
15:31 of 1st period - Colin Wilson wins face-off versus Nigel Dawes in neutral zone.
15:56 of 1st period - Nigel Dawes is hit by Andrej Sekera and loses puck.
16:05 of 1st period - Wrist shot by Pavel Vorobiev.
16:05 of 1st period - Shot Misses the Net.
16:19 of 1st period - Penalty to Eric Mestery is over, Eric Mestery is back on ice.
16:27 of 1st period - Travis Hamonic is hit by Brayden McNabb and loses puck.
17:02 of 1st period - Minor Penalty to Brayden McNabb for Roughing.
17:03 of 1st period - Colin Wilson wins face-off versus Nigel Dawes in Ice Dragons zone.
17:08 of 1st period - Wrist shot by Jonathan Ferland.
17:08 of 1st period - Deflect By Colin Wilson.
17:08 of 1st period - Stopped by Justin Pogge with a rebound.
17:10 of 1st period - Slapshot by Andrej Sekera.
17:10 of 1st period - Shot Blocked by Kevin Klein.
17:12 of 1st period - Slapshot by Andrej Sekera.
17:12 of 1st period - Shot Blocked by Boris Valabik.
17:14 of 1st period - Slapshot by Andrej Sekera.
17:14 of 1st period - Stopped by Justin Pogge with a rebound.
17:16 of 1st period - Wrist shot by Brad Marchand.
17:16 of 1st period - Goal by Brad Marchand - Inferno : 1 - Ice Dragons : 2.
17:17 of 1st period - Patrick O'Sullivan wins face-off versus Jonathan Ferland in neutral zone.
17:20 of 1st period - Wrist shot by Niklas Sundstrom.
17:20 of 1st period - Shot Misses the Net.
17:22 of 1st period - Slapshot by Kevin Klein.
17:22 of 1st period - Deflect By Niklas Sundstrom.
17:22 of 1st period - Shot Misses the Net.
17:22 of 1st period - Puck is out of play.
17:23 of 1st period - Patrick O'Sullivan wins face-off versus Colin Wilson in Inferno zone.
17:38 of 1st period - Wrist shot by Patrick O'Sullivan.
17:38 of 1st period - Goal by Patrick O'Sullivan - Inferno : 1 - Ice Dragons : 3.
17:39 of 1st period - Patrick O'Sullivan wins face-off versus Jonathan Ferland in neutral zone.
17:48 of 1st period - Snap shot by Niklas Sundstrom.
17:48 of 1st period - Stopped by Josh Harding with a rebound.
17:54 of 1st period - Snap shot by Stephane Veilleux.
17:54 of 1st period - Stopped by Justin Pogge without a rebound.
17:55 of 1st period - Vladimir Sobotka wins face-off versus Martin Hanzal in Ice Dragons zone.
17:56 of 1st period - Slapshot by Pavel Vorobiev.
17:56 of 1st period - Stopped by Justin Pogge with a rebound.
17:58 of 1st period - Backhand shot by Yannick Weber.
17:58 of 1st period - Stopped by Justin Pogge with a rebound.
18:00 of 1st period - Slapshot by Yannick Weber.
18:00 of 1st period - Shot Misses the Net.
18:04 of 1st period - Snap shot by Brad Marchand.
18:04 of 1st period - Shot Blocked by Nigel Dawes.
18:06 of 1st period - Snap shot by Vladimir Sobotka.
18:06 of 1st period - Stopped by Justin Pogge without a rebound.
18:07 of 1st period - Colin Wilson wins face-off versus Patrick O'Sullivan in Ice Dragons zone.
18:08 of 1st period - Snap shot by Stephane Veilleux.
18:08 of 1st period - Shot Blocked by Kevin Klein.
18:10 of 1st period - Slapshot by Yannick Weber.
18:10 of 1st period - Shot Blocked by Patrick O'Sullivan.
18:12 of 1st period - Snap shot by Yannick Weber.
18:12 of 1st period - Shot Blocked by Niklas Sundstrom.
18:14 of 1st period - Wrist shot by Jonathan Ferland.
18:14 of 1st period - Shot Blocked by Kevin Klein.
18:16 of 1st period - Slapshot by Yannick Weber.
18:16 of 1st period - Deflect By Stephane Veilleux.
18:16 of 1st period - Stopped by Justin Pogge with a rebound.
18:18 of 1st period - Slapshot by Yannick Weber.
18:18 of 1st period - Stopped by Justin Pogge with a rebound.
18:20 of 1st period - Wrist shot by Jonathan Ferland.
18:20 of 1st period - Goal by Jonathan Ferland - Inferno : 2 - Ice Dragons : 3.
18:21 of 1st period - Colin Wilson wins face-off versus Patrick O'Sullivan in neutral zone.
18:32 of 1st period - Snap shot by Niklas Sundstrom.
18:32 of 1st period - Stopped by Josh Harding without a rebound.
18:33 of 1st period - Patrick O'Sullivan wins face-off versus Colin Wilson in Inferno zone.
19:00 of 1st period - Martin Hanzal is hit by Pavel Vorobiev and loses puck.
19:59 of 1st period - Snap shot by Jeff Tambellini.
19:59 of 1st period - Shot Misses the Net.
Goals for this period are 2 for Inferno vs 3 for Ice Dragons.
Shots for this period are 21 for Inferno vs 11 for Ice Dragons.
2nd period
0:01 of 2nd period - Colin Wilson wins face-off versus Patrick O'Sullivan in neutral zone.
0:31 of 2nd period - Shean Donovan is hit by Brendan Mikkelson.
0:54 of 2nd period - Wrist shot by Alex Berry.
0:54 of 2nd period - Stopped by Justin Pogge without a rebound.
0:55 of 2nd period - Cal O'Reilly wins face-off versus Kris Beech in Ice Dragons zone.
1:05 of 2nd period - Icing by Danny Syvret.
1:06 of 2nd period - Colin Wilson wins face-off versus Kris Beech in Ice Dragons zone.
1:11 of 2nd period - Wrist shot by Stephane Veilleux.
1:11 of 2nd period - Stopped by Justin Pogge with a rebound.
1:19 of 2nd period - Wrist shot by Cal Clutterbuck.
1:19 of 2nd period - Stopped by Josh Harding without a rebound.
1:20 of 2nd period - Patrick O'Sullivan wins face-off versus Colin Wilson in Inferno zone.
1:27 of 2nd period - Snap shot by Jeff Tambellini.
1:27 of 2nd period - Stopped by Josh Harding with a rebound.
2:05 of 2nd period - David Ullstrom is hit by Kevin Klein and loses puck.
2:12 of 2nd period - Snap shot by Vladimir Zharkov.
2:12 of 2nd period - Goal by Vladimir Zharkov - Inferno : 3 - Ice Dragons : 3.
2:13 of 2nd period - Patrick O'Sullivan wins face-off versus Colin Wilson in neutral zone.
2:22 of 2nd period - Off-side.
2:23 of 2nd period - Colin Wilson wins face-off versus Patrick O'Sullivan in neutral zone.
2:36 of 2nd period - Snap shot by Stephane Veilleux.
2:36 of 2nd period - Shot Hit the Post.
3:12 of 2nd period - Colin Wilson is hit by Brayden McNabb and loses puck.
3:21 of 2nd period - Wrist shot by Jeff Tambellini.
3:21 of 2nd period - Shot Misses the Net.
3:23 of 2nd period - Slapshot by Brayden McNabb.
3:23 of 2nd period - Stopped by Josh Harding without a rebound.
3:24 of 2nd period - Martin Hanzal wins face-off versus Vladimir Sobotka in Inferno zone.
3:49 of 2nd period - Slapshot by Cal Clutterbuck.
3:49 of 2nd period - Shot Blocked by Vladimir Zharkov.
3:51 of 2nd period - Slapshot by Tyler Eckford.
3:51 of 2nd period - Deflect By Brendan Mikkelson.
3:51 of 2nd period - Stopped by Josh Harding with a rebound.
4:53 of 2nd period - Snap shot by Pavel Vorobiev.
4:53 of 2nd period - Stopped by Justin Pogge with a rebound.
5:11 of 2nd period - Snap shot by Vladimir Zharkov.
5:11 of 2nd period - Stopped by Justin Pogge with a rebound.
6:37 of 2nd period - Wrist shot by Jeff Tambellini.
6:37 of 2nd period - Stopped by Josh Harding without a rebound.
6:38 of 2nd period - Vladimir Sobotka wins face-off versus Patrick O'Sullivan in Inferno zone.
6:53 of 2nd period - Patrick O'Sullivan is hit by Pavel Vorobiev.
7:30 of 2nd period - Travis Hamonic is hit by Boris Valabik and loses puck.
7:39 of 2nd period - Tim Kennedy is hit by Vladimir Zharkov and loses puck.
7:50 of 2nd period - Snap shot by Pavel Vorobiev.
7:50 of 2nd period - Shot Misses the Net.
8:19 of 2nd period - Wrist shot by Jeff Tambellini.
8:19 of 2nd period - Stopped by Josh Harding with a rebound.
8:33 of 2nd period - Slapshot by Shean Donovan.
8:33 of 2nd period - Deflect By Nigel Dawes.
8:33 of 2nd period - Shot Misses the Net.
8:33 of 2nd period - Puck is out of play.
8:34 of 2nd period - Colin Wilson wins face-off versus Martin Hanzal in Inferno zone.
8:41 of 2nd period - Snap shot by Andrej Sekera.
8:41 of 2nd period - Stopped by Justin Pogge without a rebound.
8:42 of 2nd period - Colin Wilson wins face-off versus Martin Hanzal in Ice Dragons zone.
9:03 of 2nd period - Minor Penalty to Stephane Veilleux for Holding.
9:04 of 2nd period - Brian Boyle wins face-off versus Patrick O'Sullivan in Inferno zone.
9:17 of 2nd period - Snap shot by Jeff Tambellini.
9:17 of 2nd period - Shot Blocked by Andrej Sekera.
9:19 of 2nd period - Slapshot by Kevin Klein.
9:19 of 2nd period - Shot Misses the Net.
11:03 of 2nd period - Penalty to Stephane Veilleux is over, Stephane Veilleux is back on ice.
11:11 of 2nd period - Travis Hamonic is hit by Kris Beech and loses puck.
11:18 of 2nd period - Wrist shot by Kris Beech.
11:18 of 2nd period - Stopped by Josh Harding with a rebound.
12:00 of 2nd period - Niklas Sundstrom is hit by Jonathan Ferland.
12:43 of 2nd period - Icing by Pavel Vorobiev.
12:44 of 2nd period - Kris Beech wins face-off versus Vladimir Sobotka in Inferno zone.
12:45 of 2nd period - Wrist shot by Mats Zuccarello.
12:45 of 2nd period - Shot Misses the Net.
12:47 of 2nd period - Slapshot by Danny Syvret.
12:47 of 2nd period - Shot Misses the Net.
12:49 of 2nd period - Wrist shot by Kris Beech.
12:49 of 2nd period - Stopped by Josh Harding with a rebound.
13:21 of 2nd period - Matt Kassian is hit by Patrick O'Sullivan and loses puck.
13:34 of 2nd period - Snap shot by Jonathan Ferland.
13:34 of 2nd period - Shot Misses the Net.
13:36 of 2nd period - Snap shot by Jonathan Ferland.
13:36 of 2nd period - Stopped by Justin Pogge with a rebound.
14:43 of 2nd period - Patrick O'Sullivan is hit by Colin Wilson and loses puck.
14:56 of 2nd period - Snap shot by Tim Kennedy.
14:56 of 2nd period - Shot Blocked by Simon Danis-Pepin.
14:58 of 2nd period - Snap shot by Brad Staubitz.
14:58 of 2nd period - Stopped by Josh Harding with a rebound.
15:00 of 2nd period - Slapshot by Boris Valabik.
15:00 of 2nd period - Deflect By Marc-Antoine Pouliot.
15:00 of 2nd period - Deflect By Simon Danis-Pepin.
15:00 of 2nd period - Shot Misses the Net.
15:00 of 2nd period - Puck is out of play.
15:01 of 2nd period - Brad Staubitz wins face-off versus Colin Wilson in Inferno zone.
15:04 of 2nd period - Snap shot by Brad Staubitz.
15:04 of 2nd period - Shot Blocked by Colin Wilson.
15:19 of 2nd period - Wrist shot by Tim Kennedy.
15:19 of 2nd period - Stopped by Josh Harding without a rebound.
15:20 of 2nd period - Patrick O'Sullivan wins face-off versus Vladimir Sobotka in Inferno zone.
15:21 of 2nd period - Snap shot by Niklas Sundstrom.
15:21 of 2nd period - Stopped by Josh Harding with a rebound.
17:06 of 2nd period - Shean Donovan is hit by Jonathan Ferland and loses puck.
17:11 of 2nd period - Slapshot by Stephane Veilleux.
17:11 of 2nd period - Shot Blocked by Nigel Dawes.
17:19 of 2nd period - Backhand shot by Jonathan Ferland.
17:19 of 2nd period - Shot Misses the Net.
17:34 of 2nd period - Off-side.
17:35 of 2nd period - Kris Beech wins face-off versus Vladimir Sobotka in neutral zone.
17:47 of 2nd period - Snap shot by Brad Marchand.
17:47 of 2nd period - Stopped by Justin Pogge without a rebound.
17:48 of 2nd period - Patrick O'Sullivan wins face-off versus Colin Wilson in Ice Dragons zone.
Goals for this period are 1 for Inferno vs 0 for Ice Dragons.
Shots for this period are 8 for Inferno vs 11 for Ice Dragons.
3rd period
0:01 of 3rd period - Colin Wilson wins face-off versus Patrick O'Sullivan in neutral zone.
0:04 of 3rd period - Slapshot by Yannick Weber.
0:04 of 3rd period - Shot Blocked by Niklas Sundstrom.
0:14 of 3rd period - Slapshot by Stephane Veilleux.
0:14 of 3rd period - Shot Blocked by Kevin Klein.
0:59 of 3rd period - Slapshot by Cal Clutterbuck.
0:59 of 3rd period - Deflect By Mats Zuccarello.
0:59 of 3rd period - Shot Misses the Net.
0:59 of 3rd period - Puck is out of play.
1:00 of 3rd period - Patrick O'Sullivan wins face-off versus Jonathan Ferland in Inferno zone.
1:01 of 3rd period - Wrist shot by Niklas Sundstrom.
1:01 of 3rd period - Stopped by Josh Harding with a rebound.
2:06 of 3rd period - Snap shot by Jonathan Ferland.
2:06 of 3rd period - Stopped by Justin Pogge with a rebound.
3:20 of 3rd period - Snap shot by Alex Berry.
3:20 of 3rd period - Shot Misses the Net.
5:29 of 3rd period - Wrist shot by Brad Marchand.
5:29 of 3rd period - Shot Misses the Net.
5:31 of 3rd period - Snap shot by Vladimir Sobotka.
5:31 of 3rd period - Stopped by Justin Pogge with a rebound.
5:49 of 3rd period - Snap shot by Marc-Antoine Pouliot.
5:49 of 3rd period - Goal by Marc-Antoine Pouliot - Inferno : 3 - Ice Dragons : 4.
5:50 of 3rd period - Patrick O'Sullivan wins face-off versus Colin Wilson in neutral zone.
6:15 of 3rd period - Pavel Vorobiev is hit by Cal Clutterbuck and loses puck.
7:18 of 3rd period - Slapshot by Tyler Eckford.
7:18 of 3rd period - Deflect By Tim Kennedy.
7:18 of 3rd period - Shot Blocked by Matt Kassian.
7:18 of 3rd period - Puck is out of play.
7:19 of 3rd period - Brad Staubitz wins face-off versus Colin Wilson in Inferno zone.
7:36 of 3rd period - Slapshot by Tim Kennedy.
7:36 of 3rd period - Shot Blocked by Stephane Veilleux.
8:30 of 3rd period - Alex Berry is hit by Cal Clutterbuck and loses puck.
8:38 of 3rd period - Icing by Cal O'Reilly.
8:39 of 3rd period - Cal O'Reilly wins face-off versus Patrick O'Sullivan in Inferno zone.
8:46 of 3rd period - Wrist shot by Niklas Sundstrom.
8:46 of 3rd period - Stopped by Josh Harding without a rebound.
8:47 of 3rd period - Stephane Veilleux wins face-off versus Patrick O'Sullivan in Inferno zone.
8:53 of 3rd period - Off-side.
8:54 of 3rd period - Colin Wilson wins face-off versus Jeff Tambellini in neutral zone.
9:01 of 3rd period - Wrist shot by Jonathan Ferland.
9:01 of 3rd period - Stopped by Justin Pogge with a rebound.
9:03 of 3rd period - Slapshot by Andrej Sekera.
9:03 of 3rd period - Shot Blocked by Kevin Klein.
9:25 of 3rd period - Slapshot by Boris Valabik.
9:25 of 3rd period - Stopped by Josh Harding with a rebound.
9:27 of 3rd period - Snap shot by Martin Hanzal.
9:27 of 3rd period - Shot Misses the Net.
9:31 of 3rd period - Wrist shot by Nigel Dawes.
9:31 of 3rd period - Shot Blocked by Andrej Sekera.
9:33 of 3rd period - Slapshot by Kevin Klein.
9:33 of 3rd period - Stopped by Josh Harding with a rebound.
9:45 of 3rd period - Tyler Eckford is hit by Vladimir Sobotka and loses puck.
9:50 of 3rd period - Wrist shot by Vladimir Sobotka.
9:50 of 3rd period - Shot Misses the Net.
9:52 of 3rd period - Slapshot by Yannick Weber.
9:52 of 3rd period - Shot Blocked by Mats Zuccarello.
9:54 of 3rd period - Snap shot by Andrej Sekera.
9:54 of 3rd period - Stopped by Justin Pogge with a rebound.
10:09 of 3rd period - Wrist shot by Jonathan Ferland.
10:09 of 3rd period - Shot Misses the Net.
10:11 of 3rd period - Slapshot by Simon Danis-Pepin.
10:11 of 3rd period - Stopped by Justin Pogge with a rebound.
10:13 of 3rd period - Slapshot by Brendan Mikkelson.
10:13 of 3rd period - Stopped by Justin Pogge with a rebound.
10:25 of 3rd period - Wrist shot by Cal O'Reilly.
10:25 of 3rd period - Shot Blocked by Tyler Eckford.
10:33 of 3rd period - Slapshot by Tyler Eckford.
10:33 of 3rd period - Stopped by Josh Harding without a rebound.
10:34 of 3rd period - Colin Wilson wins face-off versus Patrick O'Sullivan in Inferno zone.
10:45 of 3rd period - Snap shot by Niklas Sundstrom.
10:45 of 3rd period - Shot Blocked by Stephane Veilleux.
10:47 of 3rd period - Slapshot by Boris Valabik.
10:47 of 3rd period - Stopped by Josh Harding with a rebound.
10:49 of 3rd period - Backhand shot by Niklas Sundstrom.
10:49 of 3rd period - Shot Misses the Net.
12:23 of 3rd period - Jonathan Ferland is hit by Nigel Dawes.
13:15 of 3rd period - Icing by Vladimir Zharkov.
13:16 of 3rd period - Brian Boyle wins face-off versus Martin Hanzal in Inferno zone.
13:59 of 3rd period - Icing by Brayden McNabb.
14:00 of 3rd period - David Ullstrom wins face-off versus Patrick O'Sullivan in Ice Dragons zone.
14:01 of 3rd period - Snap shot by Brian Boyle.
14:01 of 3rd period - Shot Misses the Net.
14:09 of 3rd period - Slapshot by Jeff Tambellini.
14:09 of 3rd period - Stopped by Josh Harding with a rebound.
14:11 of 3rd period - Slapshot by Jonathan Blum.
14:11 of 3rd period - Stopped by Josh Harding without a rebound.
14:12 of 3rd period - Colin Wilson wins face-off versus Martin Hanzal in Inferno zone.
14:43 of 3rd period - Snap shot by Patrick O'Sullivan.
14:43 of 3rd period - Stopped by Josh Harding with a rebound.
15:24 of 3rd period - Travis Hamonic is hit by Martin Hanzal.
15:48 of 3rd period - Slapshot by Boris Valabik.
15:48 of 3rd period - Shot Misses the Net.
15:50 of 3rd period - Slapshot by Boris Valabik.
15:50 of 3rd period - Shot Misses the Net.
16:02 of 3rd period - Slapshot by Brendan Mikkelson.
16:02 of 3rd period - Shot Blocked by Brad Staubitz.
16:04 of 3rd period - Slapshot by Simon Danis-Pepin.
16:04 of 3rd period - Stopped by Justin Pogge with a rebound.
16:24 of 3rd period - Snap shot by Vladimir Zharkov.
16:24 of 3rd period - Stopped by Justin Pogge without a rebound.
16:25 of 3rd period - Patrick O'Sullivan wins face-off versus Colin Wilson in Ice Dragons zone.
16:32 of 3rd period - Slapshot by Jeff Tambellini.
16:32 of 3rd period - Deflect By Patrick O'Sullivan.
16:32 of 3rd period - Shot Blocked by David Savard.
16:32 of 3rd period - Puck is out of play.
16:33 of 3rd period - Patrick O'Sullivan wins face-off versus Stephane Veilleux in Inferno zone.
17:28 of 3rd period - Slapshot by Travis Hamonic.
17:28 of 3rd period - Shot Misses the Net.
17:50 of 3rd period - Snap shot by Jeff Tambellini.
17:50 of 3rd period - Shot Misses the Net.
18:12 of 3rd period - Snap shot by Shean Donovan.
18:12 of 3rd period - Stopped by Josh Harding with a rebound.
18:34 of 3rd period - Slapshot by Vladimir Zharkov.
18:34 of 3rd period - Stopped by Justin Pogge with a rebound.
18:36 of 3rd period - Snap shot by Brian Boyle.
18:36 of 3rd period - Shot Blocked by Jonathan Blum.
18:38 of 3rd period - Slapshot by Simon Danis-Pepin.
18:38 of 3rd period - Deflect By Shean Donovan.
18:38 of 3rd period - Stopped by Justin Pogge without a rebound.
18:39 of 3rd period - Jonathan Ferland wins face-off versus Martin Hanzal in Ice Dragons zone.
18:46 of 3rd period - Wrist shot by Jonathan Ferland.
18:46 of 3rd period - Stopped by Justin Pogge with a rebound.
18:48 of 3rd period - Snap shot by Stephane Veilleux.
18:48 of 3rd period - Stopped by Justin Pogge with a rebound.
19:02 of 3rd period - Inferno, Josh Harding is pulled from the net.
19:04 of 3rd period - Slapshot by Stephane Veilleux.
19:04 of 3rd period - Goal by Stephane Veilleux - Inferno : 4 - Ice Dragons : 4.
19:04 of 3rd period - Josh Harding from Inferno was sent back in the game.
19:05 of 3rd period - Cal Clutterbuck wins face-off versus Vladimir Zharkov in neutral zone.
19:05 of 3rd period - Cal Clutterbuck is hit by Andrej Sekera.
19:31 of 3rd period - Brad Marchand is hit by Shean Donovan and loses puck.
Goals for this period are 1 for Inferno vs 1 for Ice Dragons.
Shots for this period are 13 for Inferno vs 11 for Ice Dragons.
Overtime #1
0:01 of 1st overtime period - Colin Wilson wins face-off versus Nigel Dawes in neutral zone.
0:04 of 1st overtime period - Slapshot by Andrej Sekera.
0:04 of 1st overtime period - Shot Blocked by Boris Valabik.
0:06 of 1st overtime period - Wrist shot by Brad Marchand.
0:06 of 1st overtime period - Shot Misses the Net.
1:20 of 1st overtime period - Yannick Weber is hit by Niklas Sundstrom and loses puck.
1:37 of 1st overtime period - Yannick Weber is hit by Cal Clutterbuck and loses puck.
1:50 of 1st overtime period - Slapshot by Yannick Weber.
1:50 of 1st overtime period - Stopped by Justin Pogge without a rebound.
1:51 of 1st overtime period - Mats Zuccarello wins face-off versus Brian Boyle in Ice Dragons zone.
1:58 of 1st overtime period - Snap shot by Mats Zuccarello.
1:58 of 1st overtime period - Shot Misses the Net.
2:16 of 1st overtime period - Danny Syvret is hit by Colin Wilson and loses puck.
2:41 of 1st overtime period - Patrick O'Sullivan is hit by Vladimir Zharkov and loses puck.
2:55 of 1st overtime period - Icing by Simon Danis-Pepin.
2:56 of 1st overtime period - Colin Wilson wins face-off versus Nigel Dawes in Inferno zone.
3:19 of 1st overtime period - Niklas Sundstrom is hit by Jonathan Ferland and loses puck.
3:43 of 1st overtime period - Boris Valabik is hit by Brian Boyle and loses puck.
4:47 of 1st overtime period - Brad Marchand is hit by Patrick O'Sullivan and loses puck.
Goals for this period are 0 for Inferno vs 0 for Ice Dragons.
Shots for this period are 1 for Inferno vs 0 for Ice Dragons.
ShootOut
5:00 of 1st overtime period - Penalty Shot by Stephane Veilleux for Inferno.
5:00 of 1st overtime period - Backhand shot by Stephane Veilleux.
5:00 of 1st overtime period - Goal by Stephane Veilleux.
5:00 of 1st overtime period - Penalty Shot by Nigel Dawes for Ice Dragons.
5:00 of 1st overtime period - Wrist shot by Nigel Dawes.
5:00 of 1st overtime period - Stopped by Josh Harding.
5:00 of 1st overtime period - Penalty Shot by Brad Marchand for Inferno.
5:00 of 1st overtime period - Snap shot by Brad Marchand.
5:00 of 1st overtime period - Stopped by Justin Pogge.
5:00 of 1st overtime period - Penalty Shot by Niklas Sundstrom for Ice Dragons.
5:00 of 1st overtime period - Wrist shot by Niklas Sundstrom.
5:00 of 1st overtime period - Stopped by Josh Harding.
5:00 of 1st overtime period - Penalty Shot by Colin Wilson for Inferno.
5:00 of 1st overtime period - Deke by Colin Wilson.
5:00 of 1st overtime period - Stopped by Justin Pogge.
5:00 of 1st overtime period - Penalty Shot by Jeff Tambellini for Ice Dragons.
5:00 of 1st overtime period - Snap shot by Jeff Tambellini.
5:00 of 1st overtime period - Stopped by Josh Harding.
Output by the SimonT Hockey Simulator (STHS) for François Prévost -- Original Page W3C XHTML 1.0 Valid